 Dungeon Crawl Stone Soup version 0.23.2-1-ga50397a6bc (webtiles) character file.

Game seed: 15308582192737946699

2485 MisterOstroum the Slicer (level 9, -1/69 HPs)
             Began as a Demonspawn Berserker on May 6, 2019.
             Was a High Priest of Trog.
             Succumbed to a killer bee's poison
             ... on level 7 of the Dungeon on May 9, 2019.
             The game lasted 00:53:06 (7030 turns).

MisterOstroum the Slicer (Demonspawn Berserker)     Turns: 7030, Time: 00:53:07

Health: -1/69      AC:  6    Str: 24    XL:     9   Next: 27%
Magic:  9/9        EV: 12    Int:  8    God:    Trog [*****.]
Gold:   360        SH:  0    Dex: 15    Spells: 8/8 levels left

rFire    . . .     SeeInvis .   V - +8 rapier (venom)
rCold    + . .     Gourm    .   (no shield)
rNeg     . . .     Faith    .   E - +0 troll leather armour {Purgy}
rPois    .         Spirit   .   (helmet restricted)
rElec    .         Reflect  .   (no cloak)
rCorr    .         Harm     .   (no gloves)
MR       .....                  (no boots)
Stlth    +.........             (no amulet)
HPRegen  0.61/turn              q - ring of protection from cold
MPRegen  0.11/turn              (no ring)

@: mighty, lethally poisoned (-1 -> -12), flying
A: antennae 1, molten scales 1, demonic guardian 2
a: Berserk, Trog's Hand, Brothers in Arms, Renounce Religion


You were on level 7 of the Dungeon.
You worshipped Trog.
Trog was extremely pleased with you.
You were not hungry.

You visited 1 branch of the dungeon, and saw 8 of its levels.

You collected 360 gold pieces.

Inventory:

Hand Weapons
 a - a +3 short sword of electrocution
 d - a +0 hunting sling
 o - a +0 falchion
 u - a +4 morningstar
 y - a +0 hunting sling
 V - a +8 rapier of venom (weapon)
Missiles
 g - 291 stones (quivered)
 l - 32 sling bullets
 r - 23 poisoned needles
 N - 2 throwing nets {!f}
 T - 8 tomahawks
Armour
 m - a +0 buckler
 E - a +0 troll leather armour (worn) {Purgy}
Jewellery
 f - an uncursed amulet of magic regeneration
 q - a ring of protection from cold (left hand)
 t - an uncursed amulet of the acrobat
 z - an uncursed amulet of regeneration
 B - an uncursed ring of resist corrosion
 K - an uncursed ring of see invisible
 Q - the ring of Midsummer {rPois Str+6, unknown}
   (You found it on level 6 of the Dungeon)

   [ring of strength]

   It affects your strength (+6).
   It protects you from poison.
 U - a +5 ring of dexterity {unknown}
Wands
 C - a wand of digging (3)
 J - a wand of polymorph (7)
 O - a wand of flame (32)
 S - a wand of acid (12)
Scrolls
 c - 4 scrolls of identify {@r1}
 i - 3 scrolls of immolation {unknown}
 j - 8 scrolls of remove curse {unknown}
 k - 2 scrolls of teleportation {unknown}
 p - a scroll of fear {unknown}
 x - 2 scrolls of magic mapping {unknown}
 D - 2 scrolls of random uselessness {unknown}
 F - 2 scrolls of fog {unknown}
 L - a scroll of blinking {unknown}
 M - 2 scrolls of enchant weapon {unknown}
Potions
 b - a potion of degeneration {unknown}
 h - 2 potions of lignification {unknown}
 n - 3 potions of flight
 s - a potion of agility {unknown}
 v - a potion of might {@q3 !q}
 w - a potion of magic
 A - a potion of mutation {unknown}
 G - a potion of resistance {unknown}
 H - a potion of haste {unknown}
 I - a potion of ambrosia {unknown}
 P - a potion of heal wounds {unknown}
Comestibles
 e - 10 rations
 R - 2 chunks of flesh


   Skills:
 - Level 6.2 Fighting
 + Level 8.9(9.3) Short Blades
 - Level 3.8(6.8) Long Blades
 - Level 1.7 Armour
 - Level 1.7 Dodging
 - Level 4.1 Shields


You had 8 spell levels left.
You didn't know any spells.
Your spell library contained the following spells:

 Spells                   Type           Power        Failure   Level  Hunger
 Animate Skeleton         Necr           N/A          45%         1    ##.....
 Pain                     Necr           #...         45%         1    ##.....
 Regeneration             Chrm/Necr      #.........   83%         3    ####...
 Vampiric Draining        Necr           #.........   83%         3    ####...
 Animate Dead             Necr           N/A          99%         4    #####..


Dungeon Overview and Level Annotations

Branches:
Dungeon (8/15)             Temple (0/1) D:5
   Lair: D:8-11

Altars:
Ashenzari
Dithmenos
Fedhas
Gozag
Kikubaaqudgha
Makhleb
Nemelex Xobeh
Ru
Sif Muna
Trog
Vehumet


Innate Abilities, Weirdness & Mutations

You have a pair of small antennae on your head.
You are partially covered in molten scales. (AC +2)
A demonic guardian rushes to your aid.


Message History

You closely miss the phantom. The phantom hits you!
The phantom blinks!
Throwing (i - inventory. (/) - cycle)
g - 291 stones (quivered)
Press: ? - help, Shift-Dir - straight line, f - phantom
Aim: a phantom You throw a stone.
The stone closely misses the phantom.
You barely miss the phantom. The phantom hits you!
The phantom blinks!
Throwing (i - inventory. (/) - cycle)
g - 290 stones (quivered)
Press: ? - help, Shift-Dir - straight line, f/p - phantom
Aim: a phantom You throw a stone.
The stone hits the phantom but does no damage.
Throwing (i - inventory. (/) - cycle)
g - 289 stones (quivered)
Press: ? - help, Shift-Dir - straight line, f/p - phantom
Aim: a phantom You throw a stone.
The stone barely misses the phantom.
The phantom blinks!
The phantom misses you.
You hit the phantom.
The phantom is lightly damaged.
The phantom closely misses you.
You puncture the phantom!
The phantom is heavily damaged.
The phantom hits you.
You barely miss the phantom.
The phantom is moderately damaged.
The phantom hits you.
You completely miss the phantom.
The phantom is moderately damaged.
You puncture the phantom!
The phantom is severely damaged.
The phantom blinks!
The phantom misses you.
Found a burning altar of Makhleb.
You puncture the phantom!
The phantom is almost destroyed.
The phantom hits you.
You hit the phantom.
You destroy the phantom!
Trog accepts your kill.
Some of the chunks of flesh in your inventory have rotted away.
HP restored.
g - 289 stones (gained 1)
g - 290 stones (gained 1)
g - 291 stones (gained 1)
You sense a monster nearby.
The orange demon screeches! x2
There is a burning altar of Makhleb here.
Done exploring.
(D) Dungeon (T) Temple
Where to? (? - help)
There is an escape hatch in the floor here.
You see here an adder skeleton.
There is a stone staircase leading down here.
You climb downwards. 3 killer bees come into view.
The killer bee buzzes angrily. x2; You hear an angry buzzing noise.
Found a stone staircase leading up.
There is a stone staircase leading up here.
A killer bee comes into view. x3
There is a stone staircase leading up here.
You climb upwards.
Your summoned ally is left behind.
There is a stone staircase leading down here.
Done exploring.
There is a stone staircase leading down here.
You climb downwards.
The killer bee stings you. x4
You are poisoned.
The killer bee poisons you! The killer bee stings you. x2
You are more poisoned.
The killer bee poisons you! The killer bee misses you.
The killer bee closely misses you.
There is a stone staircase leading up, spattered with blood here.
You feel sick.
Your sixfirhy closely misses the killer bee.
Your sixfirhy barely misses the killer bee.
The killer bee barely misses you. The killer bee misses you.
The killer bee stings you but does no damage.
The killer bee completely misses you.
Your sixfirhy completely misses the killer bee.
The killer bee barely misses you. The killer bee stings you. x2
You are more poisoned.
The killer bee poisons you! The killer bee barely misses you.
The killer bee closely misses you. The killer bee stings you!
Your sixfirhy closely misses the killer bee.
The killer bee stings you!
* * * LOW HITPOINT WARNING * * *
The killer bee stings you.
* * * LOW HITPOINT WARNING * * *
You climb upwards.
You feel sick.
There is a stone staircase leading down here.
It was a potion of flight.
You feel very buoyant.
You fly up into the air.
You feel sick. The killer bee completely misses you.
The killer bee barely misses you. The killer bee closely misses you.
It was a potion of might.
You feel very mighty all of a sudden.
You feel sick. The killer bee stings you!
* * * LOW HITPOINT WARNING * * *
You are more poisoned.
The killer bee poisons you!
It was a potion of magic.
Magic courses through your body.
You die...

################
#############
#.........)..
#[##########. #.#
#. #[# #.
######.##########.
#@yyy.............
#y####.##########.
#y# #.##########.
#y# #.....(....#.
#.# ##########.#.
#.# #....#.#. #.#
#.##.#.#.
#.########.#....#.
#.................


You could see 6 killer bees.

Vanquished Creatures
  A phantom (D:7)
  A black bear (D:7)
  2 orc warriors (D:7)
  2 ogres
  A crocodile (D:7)
  A big kobold (D:7)
  2 bullfrogs
  3 scorpions
  A killer bee (D:6)
  3 howler monkeys
  A crimson imp (D:6)
  A quasit (D:6)
  A centaur skeleton (D:7)
  2 orc priests
  3 hounds
  2 jellies (D:5)
  A bullfrog skeleton (D:7)
  Jessica (D:3)
  Terence (D:2)
  7 worker ants
  2 iguanas
  4 orc wizards
  Natasha (twice) (D:3)
  13 adders
  A shadow imp (D:6)
  2 oozes (D:3)
  An adder skeleton (D:4)
  A worm (D:2)
  2 dart slugs
  2 leopard geckos
  25 orcs
  4 bats
  8 giant cockroaches
  15 goblins
  14 hobgoblins
  10 jackals
  7 kobolds
  2 quokkas
  3 ball pythons
  8 frilled lizards
  8 rats
171 creatures vanquished.

Vanquished Creatures (collateral kills)
  Purgy (D:3)
  An orc warrior (D:7)
  A phantom (D:5)
  3 killer bees (D:6)
  2 howler monkeys (D:7)
  An orc wizard (D:7)
  An orc priest (D:3)
  Natasha (D:3)
  A hound zombie (D:7)
  A leopard gecko (D:3)
  3 orcs
16 creatures vanquished.

Vanquished Creatures (others)
  A human (D:6)
1 creature vanquished.

Grand Total: 188 creatures vanquished

Notes
Turn   | Place    | Note
-------+----------+-------------------------------------------
     0 | D:1      | MisterOstroum the Demonspawn Berserker began the quest for
                  | the Orb.
     0 | D:1      | Reached XP level 1. HP: 18/18 MP: 1/1
    89 | D:1      | Gained mutation: You have a pair of small antennae on your
                  | head. [demonic ancestry]
    89 | D:1      | Reached XP level 2. HP: 24/24 MP: 2/2
  1206 | D:2      | Gained mutation: You are partially covered in molten
                  | scales. (AC +2) [demonic ancestry]
  1206 | D:2      | Reached XP level 3. HP: 19/29 MP: 3/3
  1389 | D:2      | Noticed Terence
  1398 | D:2      | Reached ** piety under Trog
  1401 | D:2      | Killed Terence
  1401 | D:2      | Reached XP level 4. HP: 19/37 MP: 4/4
  1610 | D:2      | Found an opulent altar of Gozag.
  1610 | D:2      | Found a sparkling altar of Nemelex Xobeh.
  2274 | D:2      | Found a deep blue altar of Sif Muna.
  2385 | D:3      | Reached skill level 1 in Short Blades
  2394 | D:3      | Gained mutation: A weak demonic guardian rushes to your
                  | aid. [demonic ancestry]
  2394 | D:3      | Reached XP level 5. HP: 43/43 MP: 5/5
  2503 | D:3      | Reached skill level 5 in Fighting
  2623 | D:3      | Noticed Natasha
  2629 | D:3      | Killed Natasha
  2633 | D:3      | Noticed Natasha
  2641 | D:3      | Killed Natasha
  2641 | D:3      | Reached *** piety under Trog
  2768 | D:3      | Gained mutation: A demonic guardian rushes to your aid.
                  | [demonic ancestry]
  2768 | D:3      | Reached XP level 6. HP: 44/51 MP: 6/6
  2879 | D:3      | Reached skill level 2 in Short Blades
  3073 | D:3      | Found a shattered altar of Ashenzari.
  3117 | D:3      | Noticed Natasha
  3121 | D:3      | Killed Natasha
  3122 | D:3      | Found a shadowy altar of Dithmenos.
  3149 | D:3      | Noticed Jessica
  3155 | D:3      | Killed Jessica
  3255 | D:3      | Noticed Purgy
  3263 | D:3      | Killed Purgy
  3418 | D:3      | Reached **** piety under Trog
  3597 | D:4      | Reached skill level 3 in Short Blades
  3718 | D:4      | Reached XP level 7. HP: 50/58 MP: 7/7
  3817 | D:4      | Found an ancient bone altar of Kikubaaqudgha.
  4080 | D:4      | Reached skill level 4 in Short Blades
  4403 | D:5      | Entered Level 5 of the Dungeon
  4424 | D:5      | Reached skill level 5 in Short Blades
  4527 | D:5      | Reached skill level 1 in Shields
  4567 | D:5      | Found a staircase to the Ecumenical Temple.
  4685 | D:5      | Reached XP level 8. HP: 64/64 MP: 8/8
  4878 | D:5      | Found a blossoming altar of Fedhas.
  5082 | D:6      | Reached skill level 6 in Short Blades
  5245 | D:6      | Found an ancient bone altar of Kikubaaqudgha.
  5350 | D:6      | Found a bloodstained altar of Trog.
  5416 | D:6      | Got a bound bronze ring
  5758 | D:7      | Reached ***** piety under Trog
  5818 | D:7      | Found a sacrificial altar of Ru.
  5833 | D:7      | Reached skill level 7 in Short Blades
  5925 | D:7      | Found a radiant altar of Vehumet.
  6228 | D:7      | Reached skill level 8 in Short Blades
  6228 | D:7      | Reached XP level 9. HP: 69/69 MP: 9/9
  6678 | D:7      | Received a gift from Trog
  6861 | D:7      | Found a burning altar of Makhleb.
  6861 | D:7      | Noticed a cacodemon
  6915 | D:7      | Noticed an orange demon
  6915 | D:7      | Noticed an orange demon
  7029 | D:7      | HP: 1/69 [killer bee (8)]
  7030 | D:7      | Succumbed to a killer bee's poison

Skill      XL: |  1  2  3  4  5  6  7  8 |
---------------+-------------------------+-----
Long Blades    | 3 |  3.8
Fighting       | 4 5 6 |  6.2
Short Blades   | 1 3 5 8 |  8.9
Shields        | 2 4 |  4.1
Armour         | |  1.7
Dodging        | |  1.7

Action                   |  1- 3 |  4- 6 |  7- 9 || total
-------------------------+-------+-------+-------++-------
Melee: Falchion          |    85 |       |       ||    85
       Short sword       |       |   182 |   208 ||   390
       Rapier            |       |       |    11 ||    11
Throw: Stone             |     1 |    15 |    88 ||   104
Invok: Berserk           |     2 |     4 |     2 ||     8
       Trog's Hand       |       |     2 |       ||     2
  Use: Scroll            |       |     1 |     5 ||     6
       Potion            |       |       |     3 ||     3
 Stab: Sleeping          |       |       |     2 ||     2
  Eat: Chunk             |     3 |     9 |     9 ||    21
       Ration            |       |     1 |     1 ||     2
Armor: Animal skin       |     5 |       |       ||     5
       Leather armour    |     1 |    35 |       ||    36
       Troll leather arm |       |     5 |    42 ||    47
Dodge: Dodged            |    52 |    96 |   105 ||   253
       Rpst.: Falchion   |    16 |       |       ||    16
